 Dungeon Crawl Stone Soup version 0.30-a0-1161-g0704695555 (webtiles) character file.

Game seed: 2237215454537706978

3129 Dittersdorf the Blocker (level 9, -1/59 HPs)
             Began as a Gargoyle Fighter on Apr 27, 2023.
             Slain by an orc warrior
             ... wielding a +0 scimitar
              (7 damage)
             ... on level 8 of the Dungeon.
             The game lasted 00:08:23 (7829 turns).

Dittersdorf the Blocker (Gargoyle Fighter)          Turns: 7829, Time: 00:08:24

Health: -1/59      AC: 20    Str: 24    XL:     9   Next: 92%
Magic:  9/9        EV:  8    Int:  9    God:
Gold:   471        SH:  5    Dex:  9    Spells: 8/8 levels left

rFire   + . .        C - +0 morningstar
rCold   + . .        c - +0 buckler
rNeg    + . .        y - +0 chain mail
rPois   ∞            m - +0 helmet
rElec   +            x - scarf {rC+ rF+}
rCorr   .            e - +0 pair of gloves
SInv    .            (no boots)
Will    .....        (no amulet) Stlth
                     s - +4 ring of slaying
HPRegen 0.29/turn    (no ring)
MPRegen 0.11/turn

%: no passive effects
@: no status effects
A: sickness immunity, AC +6, negative energy resistance 1, electricity
resistance, torment resistance 1, petrification resistance
a: no special abilities


You were on level 8 of the Dungeon.
You visited 2 branches of the dungeon, and saw 9 of its levels.

You collected 471 gold pieces.

Inventory:

Hand Weapons
 C - a +0 morningstar (weapon)
Missiles
 h - 5 poisoned darts (quivered)
 v - a throwing net
Armour
 c - a +0 buckler (worn)
 e - a +0 pair of gloves (worn)
 m - a +0 helmet (worn)
 x - a scarf of resistance (worn)
 y - a +0 chain mail (worn)
Jewellery
 s - a +4 ring of slaying (left hand)
Scrolls
 j - 4 scrolls of teleportation
 k - a scroll of fear {unknown}
 l - a scroll of enchant armour {unknown}
 q - a scroll of immolation {unknown}
 r - 2 scrolls of fog {unknown}
 u - 2 scrolls of amnesia {unknown}
 w - 2 scrolls of torment {unknown}
 z - 2 scrolls of blinking {unknown}
 B - 3 scrolls of poison {unknown}
Potions
 b - a potion of lignification {unknown}
 d - 2 potions of might
 f - 9 potions of curing
 g - 2 potions of mutation {unknown}
 i - 2 potions of brilliance {unknown}
 n - 3 potions of heal wounds {unknown}
 o - a potion of haste
 p - 3 potions of cancellation
 t - 2 potions of ambrosia


   Skills:
 + Level 8.1 Fighting
 + Level 7.0 Maces & Flails
 + Level 8.1 Armour
 + Level 8.2 Shields


You had 8 spell levels left.
You didn't know any spells.
Your spell library contained the following spells:

 Spells                   Type           Power      Damage    Failure   Level
 Freeze                   Ice            0%         1d3       91%         1
 Kiss of Death            Conj/Necr      0%         2d5       91%         1
 Blink                    Tloc           0%         N/A       97%         2
 Lesser Beckoning         Tloc           0%         N/A       97%         2
 Momentum Strike          Conj/Tloc      0%         3d8       97%         2
 Confusing Touch          Hex            0%         N/A       100%        3
 Frozen Ramparts          Ice            0%         1d1       100%        3
 Hailstorm                Conj/Ice       0%         3d3       100%        3
 Dispel Undead            Necr           0%         3d6       100%        4


Dungeon Overview and Level Annotations

Branches:
Dungeon (8/15)             Temple (1/1) D:4
   Lair: D:8-11

Altars:
Elyvilon
Fedhas
Gozag
Hepliaklqana
Kikubaaqudgha
Makhleb
Nemelex Xobeh
Qazlal
Ru
Sif Muna
Trog
Uskayaw
Vehumet
Wu Jian
Xom
Yredelemnul
Zin
The Shining One


Innate Abilities, Weirdness & Mutations

You are immune to sickness and miasma.
Your stone body is resilient. (AC +6)
You are immune to poison.
You resist negative energy. (rN+)
You are resistant to electric shocks. (rElec)
You are resistant to unholy torment.
You are immune to petrification.


Message History

You hit the orc warrior.
The orc warrior is moderately wounded.
The orc priest calls down the wrath of Beogh upon you.
Beogh smites you!
You are too injured to fight recklessly!
You are too injured to fight recklessly!
You are too injured to fight recklessly!
You are too injured to fight recklessly!
You are too injured to fight recklessly!
You are too injured to fight recklessly!
You are too injured to fight recklessly!
You are too injured to fight recklessly!
You are too injured to fight recklessly!
You are too injured to fight recklessly!
You are too injured to fight recklessly!
You are too injured to fight recklessly!
You are too injured to fight recklessly!
You are too injured to fight recklessly!
You are too injured to fight recklessly!
You are too injured to fight recklessly!
You hit the orc warrior.
The orc warrior is heavily wounded.
The orc warrior barely misses you.
You closely miss the orc warrior.
The orc warrior is heavily wounded.
You block the orc warrior's attack.
The orc warrior hits you with a +0 scimitar!
* * * LOW HITPOINT WARNING * * *
You puncture the orc warrior!
The orc warrior is severely wounded.
The orc warrior hits you with a +0 scimitar!
* * * LOW HITPOINT WARNING * * *
The orc priest looks satisfied for a moment.
You completely miss the orc warrior.
The orc warrior is severely wounded.
You block the orc warrior's attack.
You barely miss the orc warrior.
The orc warrior is severely wounded.
The orc warrior hits you with a +0 scimitar!
You die...

######...#...†.........
.........#...#########.
#####......## #.
#......[..# #.
#.##.#...## #.
#.##.....# ###.
#.#####..# ##.#.
#.#####..# #....
#..@ooo..# ##.##
######)..# #.# ....#
#.# .....# ##.##
......####...#
......+.....<.
......####.... .....##
##.#. ###.


You could see an orc warrior and 2 orc priests.

Vanquished Creatures
  A manticore (D:7)
  A hornet (D:7)
  Menkaure (D:4)
  Duvessa (D:6)
  An ice beast (D:6)
  2 ogres (D:6)
  A black bear (D:5)
  A centaur (D:6)
  A phantom (D:4)
  5 bullfrogs
  A gnoll sergeant (D:5)
  Dowan (D:6)
  8 killer bees
  5 howler monkeys (D:7)
  2 jellies
  5 hounds
  5 orc priests
  2 sleepcaps (D:4)
  Ijyb (D:2)
  3 iguanas
  3 orc wizards
  3 gnolls
  12 adders
  2 shadow imps (D:6)
  An ufetubus (D:6)
  A worm (D:3)
  3 dart slugs
  16 orcs
  6 endoplasms
  4 giant cockroaches
  9 hobgoblins
  12 jackals
  8 kobolds
  6 quokkas
  5 ball pythons
  2 bats
  A frilled lizard (D:3)
  22 goblins
  4 rats
  A butterfly (D:4)
169 creatures vanquished.

Vanquished Creatures (others)
  A quokka (D:6)
1 creature vanquished.

Grand Total: 170 creatures vanquished

Notes
Turn   | Place    | Note
-------+----------+-------------------------------------------
     0 | D:1      | Dittersdorf the Gargoyle Fighter began the quest for the
                  | Orb.
     0 | D:1      | Reached XP level 1. HP: 14/14 MP: 1/1
   134 | D:1      | Reached XP level 2. HP: 19/19 MP: 2/2
   277 | D:1      | Found a faded altar of an unknown god.
   277 | D:1      | Noticed a shining eye
   280 | D:1      | Noticed a great orb of eyes
   280 | D:1      | Noticed a great orb of eyes
   280 | D:1      | Noticed a golden eye
   483 | D:2      | Reached XP level 3. HP: 24/24 MP: 3/3
   743 | D:2      | Reached XP level 4. HP: 29/29 MP: 4/4
   796 | D:2      | Found a stormy altar of Qazlal.
   981 | D:2      | Noticed Ijyb
  1007 | D:2      | Killed Ijyb
  1031 | D:2      | Reached XP level 5. HP: 27/33 MP: 5/5
  2272 | D:4      | Reached XP level 6. HP: 23/39 MP: 6/6
  2547 | D:4      | Noticed Menkaure
  2553 | D:4      | Killed Menkaure
  2554 | D:4      | Reached skill level 5 in Fighting
  2554 | D:4      | Reached skill level 5 in Armour
  2554 | D:4      | Reached skill level 5 in Shields
  2557 | D:4      | Found a staircase to the Ecumenical Temple.
  2562 | Temple   | Entered the Ecumenical Temple
  2862 | D:4      | Reached XP level 7. HP: 44/44 MP: 7/7
  3220 | D:4      | Found a shimmering altar of Xom.
  3693 | D:5      | Entered Level 5 of the Dungeon
  3905 | D:5      | Found a glowing golden altar of the Shining One.
  4287 | D:5      | Found a burning altar of Makhleb.
  4668 | D:5      | Reached XP level 8. HP: 10/51 MP: 8/8
  4901 | D:6      | Reached skill level 5 in Maces & Flails
  5002 | D:6      | Found a white marble altar of Elyvilon.
  5054 | D:6      | HP: 2/52 [hound (5)]
  5844 | D:6      | Noticed Dowan
  5845 | D:6      | Noticed Duvessa
  5856 | D:6      | Killed Duvessa
  5863 | D:6      | Killed Dowan
  5906 | D:6      | Reached XP level 9. HP: 56/56 MP: 9/9
  6273 | D:7      | Noticed a manticore
  6286 | D:7      | HP: 1/57 [manticore (6)]
  6287 | D:7      | Killed a manticore
  7466 | D:8      | Noticed a hornet
  7474 | D:7      | Killed a hornet
  7829 | D:8      | Slain by an orc warrior

Illustrated notes

Levels and vault maps discovered:
D:1:      minmay_arrival_five_plusses, layout_rooms,
          hellmonk_ecumenical_altar_watching_god, minivault_4,
          minmay_box_of_dots
D:2:      kennysheep_the_goblin_king, layout_basic, basic_altar
D:3:      layout_loops_ring, grunt_decor_junction
D:4:      layout_basic, mainiacjoe_overflow_cross_hatched,
          minmay_temple_entry_butterflies, uniq_menkaure
D:5:      layout_basic, mainiacjoe_overflow_concentric_impassable,
          lemuel_coloured_pillars_altar
D:6:      layout_basic, elyvilon_altar_4, minmay_misc_feat_roman,
          minmay_ogre_servants, uniq_duvessa
D:7:      layout_basic, roderic_roman_lattice, minmay_misc_feat_secret_circle
D:8:      layout_loops_corners, ashenzari_conservatory_becter,
          kennysheep_slug_shrine, gammafunk_ghost_arena,
          kennysheep_generic_room_16, uniq_joseph
Temple:   nicolae_temple_bog_church

Skill      XL: |  1  2  3  4  5  6  7  8  9 |
---------------+----------------------------+-----
Fighting       | 4 5 6 8 |  8.1
Armour         | 4 5 6 8 |  8.1
Shields        | 4 5 6 8 |  8.2
Maces & Flails | 3 4 5 7 |  7.0

Action                     |  1- 3 |  4- 6 |  7- 9 || total
---------------------------+-------+-------+-------++-------
  Melee: Flail             |    87 |   249 |   112 ||   448
         Morningstar       |       |       |   244 ||   244
  Throw: Dart              |       |       |     4 ||     4
    Use: Scroll            |       |     3 |     4 ||     7
 Armour: Scale mail        |    65 |   192 |    31 ||   288
         Chain mail        |       |       |   248 ||   248
  Dodge: Dodged            |    57 |   135 |   170 ||   362
  Block: Buckler           |    19 |    79 |   105 ||   203

Table legend: (Time is in decaauts)
 A = Elapsed time spent in this place.
 B = Non-inter-level travel time spent in this place.
 C = Inter-level travel time spent in this place.
 D = Time resting spent in this place.
 E = Time spent auto-exploring this place.
 F = Levels seen in this place.
 G = Mean time per level.
                   A        B        C        D        E       F      G
               +--------+--------+--------+--------+--------+-----+--------+
         Total |   8011 |   7656 |    355 |   1508 |   4556 |   9 |  890.1 |
       Dungeon |   7757 |   7431 |    326 |   1442 |   4411 |   8 |  969.6 |
        Temple |    253 |    224 |     29 |     66 |    144 |   1 |  253.0 |
               +--------+--------+--------+--------+--------+-----+--------+

Top non-repeatable levels by time:
     D:4: 1528 daAuts
     D:7: 1507 daAuts
     D:6: 1249 daAuts
     D:5: 1190 daAuts
     D:2: 792 daAuts
     D:3: 725 daAuts
     D:1: 506 daAuts
     D:8: 258 daAuts
  Temple: 253 daAuts
